 Dungeon Crawl Stone Soup version 0.20.1-1-g8b1a95d (webtiles) character file.

41 potam12345 the Ducker (level 3, -9/27 HPs)
             Began as a Demonspawn Gladiator on July 9, 2017.
             Engulfed by a cloud of flame (11 damage)
             ... on level 2 of the Dungeon.
             The game lasted 00:09:01 (1586 turns).

potam12345 the Ducker (Demonspawn Gladiator)        Turns: 1586, Time: 00:09:01

Health: -9/27      AC:  4    Str: 15    XL:     3   Next: 32%
Magic:  3/3        EV: 13    Int:  9    God:
Gold:   25         SH:  0    Dex: 14    Spells: 2/2 levels left

rFire    + . .     SeeInvis .   m - +3 dagger (distort)
rCold    . . .     Gourm    .   (no shield)
rNeg     . . .     Faith    .   b - +0 leather armour
rPois    .         Spirit   .   c - +0 helmet
rElec    .         Reflect  .   (no cloak)
rCorr    .         Harm     .   (no gloves)
MR       .....                  (no boots)
Stlth    +.........             (no amulet)
Regen    0.1/turn               (no ring)
MPRegen  0.1/turn               (no ring)

@: lethally poisoned (-9 -> -13)
A: fire resistance 1
a: no special abilities


You were on level 2 of the Dungeon.
You were not hungry.

You visited 1 branch of the dungeon, and saw 2 of its levels.

You collected 25 gold pieces.

Inventory:

Hand Weapons
 a - a +0 trident
 i - a +0 hunting sling
 m - a +3 dagger of distortion (weapon)
 r - a +0 club
Missiles
 d - 2 throwing nets (quivered)
 g - 20 bolts
 s - 38 arrows
Armour
 b - a +0 leather armour (worn)
 c - a +0 helmet (worn)
Scrolls
 p - 2 scrolls of remove curse {unknown}
 q - a scroll of noise {unknown}
Potions
 e - a potion of flight {unknown}
 h - 4 potions of curing {unknown}
 j - a potion of cancellation {unknown}
 t - a potion of agility {unknown}
Comestibles
 f - 3 bread rations
 k - 2 royal jellies
 n - 2 meat rations


   Skills:
 + Level 2.1 Fighting
 + Level 3.0 Polearms
 + Level 2.0 Throwing
 + Level 0.5 Armour
 + Level 3.4 Dodging
 + Level 0.2 Stealth


You had 2 spell levels left.
You didn't know any spells.

Dungeon Overview and Level Annotations

Branches:
Dungeon (2/15)

Altars:
Elyvilon


Innate Abilities, Weirdness & Mutations

Your flesh is heat resistant. (rF+)


Message History

You completely miss the adder. The adder bites you.
You are poisoned.
The adder poisons you!
You closely miss the adder.
You feel sick. The adder closely misses you.
You hit the adder.
The adder is heavily wounded.
The adder blinks!
The bat barely misses you.
You feel sick. The bat hits you but does no damage.
As you read the scroll of immolation, it crumbles to dust.
The creatures around you are filled with an inner flame!
The bat misses you. The adder misses you.
You hit the adder.
The adder is almost dead.
The adder blinks!
You feel sick. The bat hits you but does no damage.
You hit the bat.
The bat explodes!
The fiery explosion engulfs you! You resist.
* * * LOW HITPOINT WARNING * * *
You are engulfed in blazing flames.
You resist.
You die...

# #.# *,,,,,,,,** *,**, #.#
*,,,,,,,,* *,**, #####.#####
*,,,,,,,,****,**, # #.........#
*,,,,,,,,,,,,,**+ ## #.###.###.#
*,,,,,,,*******,, .## #.###.....#
*,,,,,,,* **,,, ..###.##.###..#
****,*.## **,,,,
...##.#...##..######....#***,,,,,
...'............@ยง%S.....,,+,,,,,
...###....##########....#***,,,,,
..## #.#.## *,,,,,,,..# **,,,, .##
#.### *,***,*,*,# **,,, ## #.#
*,**,***,,* **,, ######.# *,*,**
**,* **+ .......# *,**,***,,* *,
#####).# *,***,*,*,* *, .......#
*,***,,**,********,


You could see an adder (inner flame).

Vanquished Creatures
  An adder (D:2)
  A worm (D:2)
  2 dart slugs
  A leopard gecko (D:1)
  3 goblins (D:1)
  4 hobgoblins
  2 kobolds (D:1)
  2 bats
  2 frilled lizards (D:1)
  4 rats (D:1)
22 creatures vanquished.

Vanquished Creatures (others)
  An ooze (D:1)
  A quokka (D:2)
2 creatures vanquished.

Grand Total: 24 creatures vanquished

Notes
Turn   | Place    | Note
-------+----------+-------------------------------------------
     0 | D:1      | potam12345 the Demonspawn Gladiator began the quest for the Orb.
     0 | D:1      | Reached XP level 1. HP: 16/16 MP: 1/1
     2 | D:1      | Noticed a spriggan
     2 | D:1      | Noticed a formicid
     4 | D:1      | Noticed a vine stalker
     4 | D:1      | Noticed a troll
     6 | D:1      | Noticed a minotaur
     6 | D:1      | Noticed a ghoul
     8 | D:1      | Noticed an elf
     8 | D:1      | Noticed a tengu
    10 | D:1      | Noticed a felid
    10 | D:1      | Noticed a gargoyle
    12 | D:1      | Noticed an octopode
    14 | D:1      | Noticed an ogre
    16 | D:1      | Noticed a human
    16 | D:1      | Noticed a naga
    18 | D:1      | Noticed a centaur
    18 | D:1      | Noticed a demigod
    20 | D:1      | Noticed a dwarf
    20 | D:1      | Noticed a halfling
    22 | D:1      | Noticed a draconian
    22 | D:1      | Noticed a demonspawn
    24 | D:1      | Noticed a vampire
    24 | D:1      | Noticed a merfolk
   410 | D:1      | Gained mutation: Your flesh is heat resistant. (rF+) [demonic ancestry]
   410 | D:1      | Reached XP level 2. HP: 17/22 MP: 2/2
  1214 | D:2      | Reached XP level 3. HP: 27/27 MP: 3/3
  1305 | D:2      | Found a white marble altar of Elyvilon.
  1586 | D:2      | Engulfed by a cloud of flame

Skill      XL: |  1  2  3 |
---------------+----------+-----
Dodging        | 3 |  3.4
Throwing       | 2 |  2.0
Polearms       | 3 |  3.0
Fighting       | |  2.1
Armour         | |  0.5
Stealth        | |  0.2

Action                   || total
-------------------------++-------
Melee: Trident           ||    26
       Dagger            ||    50
Throw: Throwing net      ||     5
  Use: Scroll            ||     5
  Eat: Meat ration       ||     1
Armor: Leather armour    ||    14
Dodge: Dodged            ||    52
